 Dungeon Crawl Stone Soup version 0.21.1-1-g345015fe64 (webtiles) character file.

1066 Nellup the Poker (level 8, -2/71 HPs)
             Began as a Minotaur Berserker on June 23, 2018.
             Was an Elder of Trog.
             Killed from afar by an electric eel (5 damage)
             ... with a bolt of electricity
             ... on level 5 of the Dungeon.
             The game lasted 00:32:11 (4748 turns).

Nellup the Poker (Minotaur Berserker)               Turns: 4748, Time: 00:32:12

Health: -2/71      AC:  9    Str: 18    XL:     8   Next: 7%
Magic:  7/7        EV:  5    Int:  4    God:    Trog [****..]
Gold:   193        SH: 13    Dex: 11    Spells: 7/7 levels left

rFire    . . .     SeeInvis +   D - +3 trident "Xoir" {elec, +Fly rC++ Str-5 SInv}
rCold    + + .     Gourm    .   u - +0 large shield
rNeg     . . .     Faith    .   o - +0 chain mail
rPois    .         Spirit   .   (helmet restricted)
rElec    .         Reflect  .   (no cloak)
rCorr    .         Harm     .   (no gloves)
MR       +....                  (no boots)
Stlth    ..........             (no amulet)
HPRegen  0.21/turn              h - +5 ring of slaying
MPRegen  0.10/turn              d - ring of protection from magic

@: no status effects
A: retaliatory headbutt, horns 2
a: Berserk, Trog's Hand, Brothers in Arms, Burn Spellbooks, Renounce Religion,
Evoke Flight


You were on level 5 of the Dungeon.
You worshipped Trog.
Trog was greatly pleased with you.
You were not hungry.

You visited 1 branch of the dungeon, and saw 5 of its levels.

You collected 235 gold pieces.
You spent 42 gold pieces at shops.

Inventory:

Hand Weapons
 C - the +7 Singing Sword
   (You found it on level 4 of the Dungeon)
 D - the +3 trident "Xoir" (weapon) {elec, +Fly rC++ Str-5 SInv}
   (You found it on level 4 of the Dungeon)

   Occasionally, upon striking a foe, it will discharge some electrical energy
   and cause terrible harm.
   It affects your strength (-5).
   It greatly protects you from cold.
   It lets you see invisible.
   It lets you fly.
Missiles
 e - 59 arrows
 f - 51 bolts
Armour
 o - a +0 chain mail (worn)
 u - a +0 large shield (worn)
Jewellery
 a - an uncursed ring of ice
 d - a ring of protection from magic (right hand)
 h - a +5 ring of slaying (left hand)
 i - an uncursed ring of protection from fire
 H - an uncursed ring of protection from cold
Wands
 c - a wand of flame (95)
 t - a wand of random effects (39)
 y - a wand of iceblast (2)
Scrolls
 g - a scroll of noise
 l - 2 scrolls of fog
 n - a scroll of fear {unknown}
 p - 2 scrolls of enchant weapon {unknown}
 r - a scroll of teleportation
 w - a scroll of enchant armour {unknown}
 z - a scroll of blinking
 A - 2 scrolls of magic mapping {unknown}
 G - a scroll of amnesia {unknown}
Potions
 b - 2 potions of flight {unknown}
 j - 2 potions of curing {unknown}
 k - 2 potions of degeneration {unknown}
 m - a potion of heal wounds {unknown}
 q - a potion of might
 v - 2 potions of cancellation {unknown}
 x - a potion of magic {unknown}
 B - a potion of invisibility {unknown}
 E - a potion of haste {unknown}
 I - a potion of brilliance {unknown}
Comestibles
 s - 7 rations
 F - 4 chunks of flesh


   Skills:
 + Level 6.4 Fighting
 + Level 6.7 Polearms
 + Level 5.3 Armour
 + Level 4.8 Dodging
 - Level 0.1 Stealth
 + Level 4.2 Shields


You had 7 spell levels left.
You didn't know any spells.

Dungeon Overview and Level Annotations

Branches:
Dungeon (5/15)
 Temple: D:4-7

Altars:
Okawaru
Ru
Xom
Zin

Shops:
D:4 ?

Annotations:
D:5 1 transporter


Innate Abilities, Weirdness & Mutations

You reflexively headbutt those who attack you in melee.
You have a pair of horns on your head.


Message History

The electric eel shoots out a bolt of lightning at you!
The bolt of electricity hits you!
The bolt of electricity hits the electric eel.
The electric eel completely resists.
The bolt of electricity hits the electric eel.
The electric eel completely resists.
The electric eel shoots out a bolt of lightning at you!
The bolt of electricity hits you!
* * * LOW HITPOINT WARNING * * *
The bolt of electricity misses you.
The electric eel shoots out a bolt of lightning at you!
The bolt of electricity hits you!
* * * LOW HITPOINT WARNING * * *
The bolt of electricity hits the electric eel.
The electric eel completely resists.
The bolt of electricity hits the electric eel.
The electric eel completely resists.
The electric eel shoots out a bolt of lightning at you!
The bolt of electricity hits you!
You die...

#.................#..#...#######
#..........#..#..##.##..[##
#..........#.##.....###...#
#..........#.##..#### ##..#
#...................# #..#####
#...###############.# ##.....##
#...#8P#≈≈≈≈≈≈;#P8#.## #.###...
#...#..#.......#..#..####.#####.
#..©#©?+...♣...@.©#©............
##..#..#.......#..#.............
##.#8P#≈≈≈≈≈;;#P8#.##..........
#.###############.##..........
#.................##..........
####################..........
#.......[.. ###########


You could see 3 electric eels.

Vanquished Creatures
  The ghost of LilDood the Ruffian, an amateur TrBe of Trog (D:5)
  Sigmund (D:4)
  An ogre (D:4)
  4 scorpions (D:4)
  A howler monkey (D:5)
  3 orc wizards
  An orc priest (D:5)
  A worker ant (D:5)
  A worker ant zombie (D:5)
  6 adders
  A shadow imp (D:4)
  An adder zombie (D:5)
  An adder skeleton (D:5)
  4 worms
  3 dart slugs
  4 leopard geckos
  8 orcs
  2 ball pythons
  4 giant cockroaches
  6 goblins
  9 hobgoblins
  15 jackals
  A quokka (D:3)
  18 bats
  3 frilled lizards
  14 kobolds
  5 rats
119 creatures vanquished.

Vanquished Creatures (others)
  5 orcs (D:3)
5 creatures vanquished.

Grand Total: 124 creatures vanquished

Notes
Turn   | Place    | Note
-------+----------+-------------------------------------------
     0 | D:1      | Nellup the Minotaur Berserker began the quest for the Orb.
     0 | D:1      | Reached XP level 1. HP: 19/19 MP: 0/0
   181 | D:1      | Reached XP level 2. HP: 27/27 MP: 1/1
   620 | D:1      | Reached XP level 3. HP: 23/33 MP: 2/2
  1106 | D:2      | Reached ** piety under Trog
  1524 | D:2      | Reached XP level 4. HP: 25/41 MP: 3/3
  1681 | D:2      | Found an iron altar of Okawaru.
  2332 | D:3      | Reached skill level 5 in Polearms
  2783 | D:3      | Found a sacrificial altar of Ru.
  2791 | D:3      | Found a glowing silver altar of Zin.
  2903 | D:3      | Reached *** piety under Trog
  2903 | D:3      | Reached skill level 1 in Shields
  2903 | D:3      | Reached XP level 5. HP: 39/47 MP: 4/4
  3070 | D:4      | Found Plog's Magic Scroll Shop.
  3163 | D:4      | Bought a scroll of remove curse for 42 gold pieces
  3363 | D:4      | Noticed Sigmund
  3369 | D:4      | Killed Sigmund
  3369 | D:4      | Reached skill level 5 in Fighting
  3369 | D:4      | Reached XP level 6. HP: 50/56 MP: 5/5
  3397 | D:4      | Found a shimmering altar of Xom.
  3656 | D:4      | Reached XP level 7. HP: 61/61 MP: 6/6
  3884 | D:4      | Found the +7 Singing Sword
  3958 | D:4      | Got a scorched trident
  3959 | D:4      | Identified the cursed +3 trident "Xoir" {elec, +Fly rC++ Str-5 SInv} (You found it on level 4 of the Dungeon)
  4113 | D:5      | Entered Level 5 of the Dungeon
  4152 | D:5      | Found a transporter.
  4152 | D:5      | Noticed LilDood's ghost (amateur TrBe)
  4165 | D:5      | Killed LilDood's ghost
  4165 | D:5      | Reached **** piety under Trog
  4165 | D:5      | Reached skill level 5 in Armour
  4505 | D:5      | Found a transporter.
  4519 | D:5      | Reached XP level 8. HP: 71/71 MP: 7/7
  4747 | D:5      | HP: 2/71 [electric eel/bolt of electricity (13)]
  4748 | D:5      | Killed from afar by an electric eel

Skill      XL: |  1  2  3  4  5  6  7 |
---------------+----------------------+-----
Polearms       | 4 5 6 |  6.7
Fighting       | 4 5 6 |  6.4
Armour         | 3 4 5 |  5.3
Shields        | 1 2 4 |  4.2
Dodging        | 3 4 |  4.8
Stealth        | |  0.1

Action                   |  1- 3 |  4- 6 |  7- 9 || total
-------------------------+-------+-------+-------++-------
Melee: Spear             |    92 |    52 |       ||   144
       Headbutt          |    12 |    21 |     9 ||    42
       Trident           |       |    35 |    58 ||    93
       Double sword      |       |       |     9 ||     9
  Use: Scroll            |     5 |     4 |     1 ||    10
 Stab: Sleeping          |     2 |       |       ||     2
  Eat: Chunk             |     2 |     3 |     4 ||     9
       Ration            |       |     1 |       ||     1
Armor: Animal skin       |    16 |       |       ||    16
       Chain mail        |       |    24 |    25 ||    49
Dodge: Dodged            |    57 |    26 |    11 ||    94
Block: Large shield      |       |    37 |    31 ||    68
